Cogmind - Beta 11.1 @@@ ROGUE MODE // 2022.07.07 @ 23:49:54 Player: tkc Result: Destroyed by L-31 Rogue with Katana Performance ------------- Evolutions (2) 1000 Regions Visited (5) 1000 Robots Destroyed (88) 440 Value Destroyed (1890) 1890 Prototype IDs (2) 40 Alien Tech Used (0) 0 Bonus (44) 44 TOTAL SCORE: 4414 Bonus ------- High Alert Combat Kills 44 Cogmind --------- Core Integrity 0/550 Matter 241/300 Energy 100/100 System Corruption 10% Temperature Cool (0) Movement Core (350) Ox6 Location -8/Materials Parts ------- > --- POWER (1) -------- (None) > --- PROPULSION (3) --- (None) > --- UTILITY (4) ------ Large Storage Unit > --- WEAPON (3) ------- (None) > --- INVENTORY (15) --- Light Deuterium Engine Compact Wheel Large Matter Pod (62) Advanced ECM Suite Small Laser Improved Datajack Remote Datajack Peak State ------------ > --- POWER ------------ Improved Ion Engine > --- PROPULSION ------- Light Treads Aerolev Unit Aerolev Unit > --- UTILITY ---------- Large Storage Unit Visual Processing Unit Improved Signal Interpreter Improved Light Armor Plating > --- WEAPON ----------- Particle Gun Gauss Cannon > --- INVENTORY -------- Improved Ion Engine Light Deuterium Engine Light Treads Light Treads Carbon-fiber Leg Wheel Compact Wheel Large Matter Pod Advanced ECM Suite Small Laser Heavy Assault Rifle Improved Light Cannon Improved Datajack Remote Datajack Hammer [Rating: 29] Favorites ----------- Power Improved Ion Engine Engine Improved Ion Engine Power Core Light Nuclear Core Propulsion Light Treads Treads Light Treads Leg Aluminum Leg Wheel Wheel Hover Unit Aerolev Unit Flight Unit Improved Flight Unit Utility Large Storage Unit Device Improved Terrain Scanner Storage Large Storage Unit Processor Visual Processing Unit Protection Hardened Light Armor Plating Weapon Improved Light Cannon Energy Gun Particle Gun Ballistic Gun Assault Rifle Ballistic Cannon Improved Light Cannon Launcher Rocket Launcher Impact Weapon Hammer Build | -11 -10 -10 -9 -9 -8 ------- Run | Scr Mat Min Mat Min Mat Slots Evolved 4 | . . . 2 . 2 Power . | . . . . . . Propulsion 1 | . . . . . 1 Utility 2 | . . . 2 . . Weapon 1 | . . . . . 1 Parts Attached 70 | 8 11 7 7 8 29 Power 12 | 2 2 3 1 1 3 Engine 11 | 2 2 2 1 1 3 Core 1 | . . 1 . . . Reactor . | . . . . . . Propulsion 22 | 2 2 1 2 1 14 Treads 10 | . 2 1 . . 7 Leg 3 | . . . 2 . 1 Wheel 4 | 2 . . . 1 1 Hover 3 | . . . . . 3 Flight 2 | . . . . . 2 Utility 10 | 2 3 . 2 1 2 Device 1 | 1 . . . . . Storage 4 | 1 2 . . 1 . Processor 2 | . . . 1 . 1 Hackware . | . . . . . . Protection 3 | . 1 . 1 . 1 Artifact . | . . . . . . Weapon 26 | 2 4 3 2 5 10 Energy Gun 7 | 2 1 1 . 1 2 Energy Cannon . | . . . . . . Ballistic Gun 6 | . 1 1 . 1 3 Ballistic Cannon 6 | . 2 . 1 1 2 Launcher 6 | . . 1 1 2 2 Special Weapon . | . . . . . . Impact Weapon 1 | . . . . . 1 Slashing Weapon . | . . . . . . Piercing Weapon . | . . . . . . Special Melee Weapon . | . . . . . . Unidentified Prototypes 2 | . . . . . 2 Parts Lost 32 | . 3 1 4 3 21 Power 5 | . 2 . . . 3 Propulsion 12 | . 1 . 2 1 8 Utility 5 | . . 1 . 1 3 Weapon 10 | . . . 2 1 7 Highest Loss Streak 14 | . 2 1 4 2 14 To Critical Strikes . | . . . . . . Average Slot Usage (%) 86 | . 98 99 75 81 77 Engine 11 | . 13 13 11 11 7 Treads 13 | . 22 28 6 . 10 Leg 6 | . . . 13 19 1 Wheel 2 | . 4 . . . 5 Hover 1 | . . . . . 5 Storage 11 | . 14 14 11 11 9 Processor 6 | . . . 11 11 9 Protection 8 | . 13 13 . 6 5 Energy Gun 7 | . 10 12 3 1 7 Ballistic Gun 8 | . 11 14 3 6 6 Ballistic Cannon 6 | . 5 . 6 10 7 Launcher 2 | . . 1 7 3 1 Naked Turns . | . . . . . . Heaviest Build 44 | 14 35 39 38 38 44 Greatest Support 40 | 20 40 40 40 20 40 Greatest Overweight (x) 9 | . 1 . 1 3 9 Average Overweight (x) . | . . . . 1 2 Largest Inventory Capacity 15 | 8 15 15 15 15 15 Average Capacity 13 | 7 11 15 15 15 15 Most Carried 15 | 8 14 15 15 15 15 Average Carried 12 | 4 8 14 13 13 14 Final Capacity 15 | 8 15 15 15 15 15 Final Carried 15 | 8 14 15 15 14 7 Class Distribution -------------------- 74% | Mutant 8% | Scavenger-Mutant 7% | Scavenger-Tank 4% | Tank Dominant Class ---------------- Mutant | -10/Materials Mutant | -10/Mines Mutant | -9/Materials Mutant | -9/Mines Scavenger-Tank | -8/Materials Resources | -11 -10 -10 -9 -9 -8 ----------- Run | Scr Mat Min Mat Min Mat Matter Collected 2038 | 350 499 169 32 232 756 Remotely . | . . . . . . Salvage Created 2324 | 185 810 235 203 255 636 Parts 167 | 9 54 17 16 26 45 Haulers Intercepted 5 | . 2 . 1 . 2 Recyclers Shooed 6 | 2 2 . . 2 . Parts Field Recycled . | . . . . . . Retrieved Matter . | . . . . . . Parts Self-Destructed . | . . . . . . Prevented . | . . . . . . Kills | -11 -10 -10 -9 -9 -8 ------- Run | Scr Mat Min Mat Min Mat Combat Hostiles Destroyed 52 | . 14 7 5 13 13 Guns 28 | . 12 4 . 2 10 Cannons 8 | . 2 . 1 2 3 AOE 16 | . . 3 4 9 . Classes Destroyed 11 | 3 6 1 1 . . Worker 9 | 2 2 1 . 1 3 Builder 7 | . . 2 2 1 2 Tunneler 4 | 3 . . . 1 . Hauler 5 | . 2 . 1 . 2 Recycler 3 | 1 2 . . . . Mechanic 1 | . 1 . . . . Operator 1 | . 1 . . . . Watcher 6 | . 2 . . . 4 Swarmer 19 | . 3 3 . 7 6 Grunt 29 | . 11 4 2 6 6 Sentry 4 | . . . 3 . 1 Best Kill Streak 6 | 3 4 4 6 4 5 Combat Bots Only 4 | . 4 3 3 4 4 Max Kills in Single Turn 4 | 1 1 4 1 3 3 Gunslinging . | . . . . . . Exploded 3 | . . 3 1 3 . Melee . | . . . . . . Uniques/NPCs Destroyed . | . . . . . . Combat | -11 -10 -10 -9 -9 -8 -------- Run | Scr Mat Min Mat Min Mat Damage Taken 4687 | . 812 316 316 708 2535 Core 859 | . 85 17 39 148 570 Absorbed by Shields . | . . . . . . Core Remaining (%) 70 | 100 . 59 . 53 . Volleys Fired 230 | 18 72 31 21 41 47 Largest 3 | 2 2 2 2 2 3 Hottest 152 | 90 85 88 72 78 152 Shots Fired 426 | 35 128 52 27 62 122 Gun 297 | 35 98 51 9 34 70 Cannon 106 | . 30 . 6 23 47 Launcher 23 | . . 1 12 5 5 Special . | . . . . . . Kinetic 257 | . 84 31 15 54 73 Thermal 114 | 35 44 20 . 3 12 Explosive 23 | . . 1 12 5 5 Electromagnetic 32 | . . . . . 32 Robot Hit Streak 12 | 7 12 11 7 10 8 Robot Miss Streak 5 | 4 4 4 2 5 4 Penetration Max . | . . . . . . Secondary Targets 4 | . 3 1 . . . Max Gunslinging Chain 1 | . 1 1 . . . Shots Hit Robots 242 | 25 67 26 19 35 70 Core Hits 132 | 7 31 16 15 24 39 Critical Kills . | . . . . . . Critical Parts Destroyed . | . . . . . . Critical Strikes 9 | 1 2 2 . . 4 Burn 4 | 1 1 2 . . . Blast 5 | . 1 . . . 4 Melee Attacks 1 | . . . . . 1 Impact 1 | . . . . . 1 Slashing . | . . . . . . Piercing . | . . . . . . Sneak Attacks . | . . . . . . Combat Hostiles . | . . . . . . Follow-up Attacks . | . . . . . . Damage Inflicted 5249 | 297 1045 563 723 983 1638 Guns 2425 | 297 807 362 131 188 640 Cannons 1346 | . 238 . 83 241 784 Explosions 1453 | . . 201 509 547 196 Melee 17 | . . . . . 17 Ramming 8 | . . . . 7 1 Kinetic 2451 | . 624 223 214 405 985 Thermal 1246 | 297 421 169 70 173 116 Explosive 1188 | . . 171 423 398 196 Electromagnetic 339 | . . . 16 . 323 Impact 17 | . . . . . 17 Slashing . | . . . . . . Piercing . | . . . . . . Highest Corruption 10 | . . . . . 10 Average Corruption 10 | . . . . . 10 Corruption Purged . | . . . . . . Corruption Blocked . | . . . . . . Effects 6 | . . . . . 6 Matter Fused 3 | . . . . . 3 Parts Rejected 1 | . . . . . 1 Data Loss (minor) 1 | . . . . . 1 Weapon Failures 1 | . . . . . 1 Overload Shots . | . . . . . . Overflow Damage 113 | . . 21 17 21 54 Projectiles 57 | . . . . 3 54 Explosions 56 | . . 21 17 18 . Melee . | . . . . . . Knockbacks 18 | . 5 . . 3 10 Impact . | . . . . . . Kinetic 17 | . 5 . . 3 9 Secondary 1 | . . . . . 1 Self-Inflicted Damage 122 | . . 15 23 76 8 Shots 5 | . . 1 1 2 1 Rammed 1 | . . . . . 1 Targets Rammed 3 | . . . . 2 1 Kicked 2 | . . . . 2 . Crushed . | . . . . . . Highest Temperature 471 | 210 471 355 21 42 466 Average Temperature 114 | 73 146 118 9 14 124 Received Heat Transfer 1856 | . 393 179 120 165 999 Effects 18 | . 8 2 . . 8 Shutdowns 3 | . 3 . . . . Energy Bleed 3 | . 1 . . . 2 Interference 3 | . 1 1 . . 1 Matter Decay 3 | . 2 . . . 1 Short Circuit 3 | . 1 . . . 2 Damage (minor) 3 | . . 1 . . 2 Siege Activations . | . . . . . . Robots Corrupted . | . . . . . . Combat Hostiles . | . . . . . . Parts Fried 1 | . . . . . 1 Impact Corruptions . | . . . . . . Robots Melted . | . . . . . . Combat Hostiles . | . . . . . . Parts Melted 6 | 2 2 . . 1 1 Heat Transferred 3055 | 855 1073 531 50 250 296 Parts Sabotaged . | . . . . . . Parts Stolen . | . . . . . . Parts Stripped . | . . . . . . Power Chain Reactions . | . . . . . . Missiles Intercepted . | . . . . . . Alert | -11 -10 -10 -9 -9 -8 ------- Run | Scr Mat Min Mat Min Mat Peak Influence 556 | 30 274 193 556 514 327 Initial 216 | . 19 59 74 216 121 Average 195 | 8 126 106 253 319 196 Maximum Alert Level 2 | . 1 . 2 2 1 Low Security (%) 57 | 100 87 100 33 . 63 Level 1 38 | . 12 . 42 91 36 Level 2 3 | . . . 23 8 . Level 3 . | . . . . . . Level 4 . | . . . . . . Level 5 . | . . . . . . High Security . | . . . . . . Max Security . | . . . . . . Squads Dispatched 7 | . 3 . 1 1 2 Investigation 2 | . 1 . . 1 . Extermination . | . . . . . . Reinforcement 5 | . 2 . 1 . 2 Assault . | . . . . . . Garrison . | . . . . . . Intercept . | . . . . . . Searches Triggered . | . . . . . . Construction Impeded . | . . . . . . Haulers Reinforced . | . . . . . . Active Scanning Responses . | . . . . . . Cargo Convoy Interrupts . | . . . . . . Stealth | -11 -10 -10 -9 -9 -8 --------- Run | Scr Mat Min Mat Min Mat Distress Signals 2 | . 1 . 1 . . Communications Jammed . | . . . . . . Distress Signals . | . . . . . . Times Spotted 89 | . 23 16 10 13 27 Peak Tracking Total 10 | . 6 10 4 4 6 Tactical Retreats 1 | . 1 . . . . Traps | -11 -10 -10 -9 -9 -8 ------- Run | Scr Mat Min Mat Min Mat Traps Triggered 1 | . 1 . . . . Indirectly . | . . . . . . Trap Hack Attempts . | . . . . . . Triggered . | . . . . . . Disarmed . | . . . . . . Reprogrammed . | . . . . . . Reused . | . . . . . . Traps Extracted . | . . . . . . Installed . | . . . . . . Triggered . | . . . . . . Machines | -11 -10 -10 -9 -9 -8 ---------- Run | Scr Mat Min Mat Min Mat Machines Disabled 13 | . . 2 5 3 3 Max in Single Turn 2 | . . 2 1 2 2 Machines Sabotaged . | . . . . . . Garrisons Compromised . | . . . . . . Overloaded Fab Kills . | . . . . . . Hacking | -11 -10 -10 -9 -9 -8 --------- Run | Scr Mat Min Mat Min Mat Machines Accessed 9 | . 2 . 2 1 4 Terminals 6 | . 2 . 1 . 3 Fabricators . | . . . . . . Repair Stations . | . . . . . . Recycling Units . | . . . . . . Scanalyzers 2 | . . . 1 . 1 Garrison Access . | . . . . . . Total Hacks 25 | . 5 . 7 1 12 Successful 14 | . 2 . 5 1 6 Failed 11 | . 3 . 2 . 6 Catastrophic 3 | . . . . . 3 Database Lockouts . | . . . . . . Manual 16 | . 5 . 4 . 7 Terminals 17 | . 5 . 4 . 8 Fabricators . | . . . . . . Repair Stations . | . . . . . . Recycling Units . | . . . . . . Scanalyzers 7 | . . . 3 . 4 Garrison Access . | . . . . . . Terminal Hacks 4 | . 1 . 1 1 1 Open Door 1 | . . . . 1 . Terminal Index 2 | . 1 . 1 . . Hauler Manifests 1 | . . . . . 1 Fabricator Hacks . | . . . . . . Repair Station Hacks . | . . . . . . Recycling Unit Hacks . | . . . . . . Scanalyzer 7 | . . . 3 . 4 Insert Component 3 | . . . 1 . 2 Analyze 4 | . . . 2 . 2 Garrison Access Hacks . | . . . . . . Unauthorized Hacks 3 | . 1 . 1 . 1 Terminals 3 | . 1 . 1 . 1 Botnet 3 | . 1 . 1 . 1 Fabricators . | . . . . . . Repair Stations . | . . . . . . Recycling Units . | . . . . . . Scanalyzers . | . . . . . . Garrison Access . | . . . . . . Data Cores Recovered . | . . . . . . Used . | . . . . . . Hacking Detections 6 | . 2 . 1 . 3 Full Trace Events . | . . . . . . Feedback Events . | . . . . . . Feedback Blocked . | . . . . . . Robot Schematics Acquired . | . . . . . . Robots Built . | . . . . . . Authchips . | . . . . . . Time . | . . . . . . Total Robot Build Rating . | . . . . . . Part Schematics Acquired 2 | . . . . . 2 Parts Built . | . . . . . . Authchips . | . . . . . . Time . | . . . . . . Total Part Build Rating . | . . . . . . Parts Repaired . | . . . . . . Time . | . . . . . . Parts Recycled . | . . . . . . Recycled Matter . | . . . . . . Retrieved Matter . | . . . . . . Retrieved Components . | . . . . . . Parts Scanalyzed 3 | . . . 1 . 2 Part Schematics Acquired 2 | . . . . . 2 Parts Damaged 1 | . . . . . 1 Bothacking | -11 -10 -10 -9 -9 -8 ------------ Run | Scr Mat Min Mat Min Mat Used RIF Installer . | . . . . . . Robots Hacked . | . . . . . . Non-combat . | . . . . . . Combat . | . . . . . . Robot Hacks Applied . | . . . . . . Relay Couplers Released . | . . . . . . Fabnet Peak Effective % . | . . . . . . Robots Rewired . | . . . . . . Allies Hacked . | . . . . . . Hacks Repelled . | . . . . . . Allies | -11 -10 -10 -9 -9 -8 -------- Run | Scr Mat Min Mat Min Mat Total Allies . | . . . . . . Largest Group . | . . . . . . Highest-Rated Group . | . . . . . . Highest-Rated Ally . | . . . . . . Total Orders . | . . . . . . Ally Attacks . | . . . . . . Total Damage . | . . . . . . Kills . | . . . . . . Allies Corrupted . | . . . . . . Allies Melted . | . . . . . . Intel | -11 -10 -10 -9 -9 -8 ------- Run | Scr Mat Min Mat Min Mat Robot Analysis Total . | . . . . . . Derelict Logs Recovered 2 | . . 1 . 1 . Drone Launches . | . . . . . . Drone Recoveries . | . . . . . . Exploration | -11 -10 -10 -9 -9 -8 ------------- Run | Scr Mat Min Mat Min Mat Turns Passed 3886 | 129 878 631 265 988 995 Spaces Moved 1739 | 70 413 324 113 421 398 Core 13 | 2 . . . . 11 Treads 793 | . 327 324 37 . 105 Legs 465 | . . . 76 389 . Wheels 353 | 68 86 . . 32 167 Hover 115 | . . . . . 115 Flight . | . . . . . . Fastest Speed 50 | 50 80 160 160 125 95 Average Speed 172 | 79 145 160 180 202 192 Slowest Speed 500 | 80 160 160 190 330 500 Overloaded Moves . | . . . . . . Propulsion Burnouts . | . . . . . . Robots Hopped . | . . . . . . Cave-ins Triggered 1 | . . . . . 1 Exploration Rate (%) 45 | 4 67 66 17 92 28 Regions Visited 5 Branch Regions 2 Pre-discovered Areas 2 | . . 1 . 1 . Known Exits Taken . | . . . . . . Unknown Exits Taken 5 | 1 1 1 1 1 . Scrap Searched 2 | . . 1 . 1 . Spaces Dug . | . . . . . . Terrain Destroyed 242 | . 1 23 102 51 65 Melee . | . . . . . . Projectile 26 | . 1 . 1 4 20 AOE 216 | . . 23 101 47 45 Terrain Rammed . | . . . . . . Walls Destroyed . | . . . . . . Machines Disabled . | . . . . . . Actions | -11 -10 -10 -9 -9 -8 --------- Run | Scr Mat Min Mat Min Mat Total 2227 | 104 559 385 148 504 527 Wait 119 | . 53 17 . 18 31 Move 1734 | 69 412 323 112 420 398 Hop . | . . . . . . Pick Up 36 | 8 7 2 6 6 7 Fast Attach 28 | 8 4 1 1 1 13 Attach 24 | . 3 1 5 4 11 Detach 3 | . . . . 3 . Swap 18 | . 4 5 1 3 5 Drop 31 | 1 4 5 2 6 13 Fire 230 | 18 72 31 21 41 47 Melee 1 | . . . . . 1 Ram 1 | . . . . . 1 Kick 2 | . . . . 2 . Crush . | . . . . . . Escape Stasis . | . . . . . . Rewire . | . . . . . . Trap . | . . . . . . Miscellaneous . | . . . . . . Route ------- -11/Scrapyard -10/Materials (discovered 3 exits: *Mat x2 / [*Min]) -10/Mines -9/Materials -9/Mines (discovered 2 exits: *Mat x2) -8/Materials (discovered 2 exits: [*Sto x2]) History --------- Turn | Location | Event 6 | -11/Scrapyard | Discovered new exit (range 15) 130 | -11/Scrapyard | Entered Materials 327 | -10/Materials | Build established: Mutant 434 | -10/Materials | Discovered new exit (range 16) 500 | -10/Materials | Discovered new exit (range 12) 706 | -10/Materials | Discovered new exit (range 15) 1008 | -10/Materials | Entered Mines 1021 | -10/Mines | Received a Rocket Launcher from a helpful Derelict 1356 | -10/Mines | Learned location of Storage (-8) 1356 | -10/Mines | Joined a pair of Derelicts in attacking an 0b10 outpost 1554 | -10/Mines | Discovered new exit (range 8) 1622 | -10/Mines | Assembled infested the area 1639 | -10/Mines | Entered Materials 1639 | -9/Materials | Evolved 2 slots: Utility x2 1753 | -9/Materials | Lost 4 parts (2n2w) 1862 | -9/Materials | Discovered new exit (range 11) 1904 | -9/Materials | Entered Mines 1960 | -9/Mines | Found a hidden stash of uninstalled traps 2049 | -9/Mines | Discovered new exit (range 9) 2409 | -9/Mines | Learned location of Recycling (-8) 2412 | -9/Mines | Met a Derelict shopkeep closing up shop 2758 | -9/Mines | Discovered new exit (range 14) 2892 | -9/Mines | Entered Materials 2892 | -8/Materials | Evolved 2 slots: Propulsion x1, Weapon x1 2982 | -8/Materials | Discovered new exit (range 17) 3588 | -8/Materials | Discovered new exit (range 17) 3715 | -8/Materials | Lost 3 parts (3w) 3746 | -8/Materials | Crushed by falling debris 3746 | -8/Materials | System corruption reached 10% 3777 | -8/Materials | Lost 3 parts (1n2u) 3843 | -8/Materials | Core integrity fell below 50% 3878 | -8/Materials | Core integrity fell below 20% 3887 | -8/Materials | Destroyed by L-31 Rogue with Katana Last Messages --------------- 03821_ K-01 Serf destroyed. 03825_ Acquired 23 matter. 03828_ Acquired 14 matter. 03828_ Imp. Ion Engine destroyed. 03829_ K-01 Serf collects debris. 03830_ Acquired 6 matter. 03832_ Acquired 15 matter. 03832_ K-01 Serf collects debris. 03833_ Acquired 1 matter. 03833_ K-01 Serf collects debris. 03837_ Lgt. Treads destroyed. 03842_ System corrupted: Hammer rejected. 03843_ Gauss Cannon destroyed. 03846_ U-05 Engineer builds a Door. 03851_ U-05 Engineer builds a Wall. 03857_ Wheel destroyed. 03864_ Lgt. Treads destroyed. 03873_ System corrupted: Component data lost. 03879_ Critical hit (Burn: +37). 03884_ Carbon-fiber Leg destroyed. Map ----- +----------------------------------------------------+ | | | | | | | | | | | | | | | ????????????##?????????????????????????????####### | | ??????####### ########????????????????????# | | ??????# ## # #??????????????##????# | | ????### #????#########?# #???# | | ?? < #????#= #?####### | | ?????## % ###### #####*#?#=! ####+## | | ??????# # =* [##??#=###== ### # | | ??????############ =##?##= [ =! # | | ??????????# # ! %#??#####!= ### # | | ??????????# + #?????## = #?##### | | ??????????# # =% #??????###+#######?? | | ??????????# " *## ########?# #?? | | ??????????# ????####"# % # #?# """ #?? | | ??????????# ???????### =# #?# """ ### | | ??#########/#???????# # !+ #?# """ # | | ??# # ########### # #?# # | | ??# + / % # #########?# """ # | | ??# # #####l#####????????# """ + | | ??######### % # @ #????????# """ # | | == *[ g #????????# # | | ??### #####+######## " #????????########## | | ????????# = = #???# " " #??############### | | ???????## #???# " " #??# | | ???????#" ! * #???# ! """ #??# T | | ???????# *!!= #???# #??# | | ???????#"*!! #???# ! #??# ########### | | ?????? "*! #???###########??# #??######### | | ???? ########????????????????# #??# ## | | ?? ????????????????????????# #??# ## | | !! ????????????????????????# #??# ## | | ### ????????????????????????+ #??# ## | | ??## #????????????????????????# #??# ## | | ???# ?????????????????????????### #??# !## | | ???+ ?????????????????????????###+#######+### | | ?? # ?????????????????????????# =# !%! | | ?? # ?????????????????????????# + = *!* | | ???# ?????????????????????????# [# * * | | ???# ??????????????????????????# #!==#### | | ???? ??????????????????????????########= =#???### | | ???????????????????????????????? ??#== # ????? | | ????????????????????????????????"" """?# # ???? | | ????????????????????????????????"" """ # # ??? | | ????????????????????????????????"" """ + + " "?? | +----------------------------------------------------+ Best States ------------- Heat Dissipation 31 Energy Generation 12 Energy Capacity 265 Matter Stores 300 Matter Capacity 400 Sight Range 18 Terrain Scan Range 16 Terrain Scan Density 10 Armor Coverage 150 Evasion (%) 44 Recoil Reduction 2 Item Schematics ----------------- Remote Datajack | -8/Materials | Scanalyzed Carbon-fiber Leg | -8/Materials | Scanalyzed Robot Schematics ------------------ None Fabricated ------------ Nothing Alien Tech Used ----------------- None Achievements -------------- None Challenges ------------ None Game ------ Seed MolecularGravmagWell Manual? 0 Play Time 00:51:33 Cumulative 28.8 hours Start 2022.07.07 @ 22:58:44 End 2022.07.07 @ 23:49:54 Sessions 1 Manual Loads 0 Difficulty Rogue Special Mode None Game No. 23 Rogue 22 Adventurer 0 Explorer 1 Win Type - Total 0 Types 0/0/0/0/0/0/0/0/0 Lore% 16 Gallery% 20 Achievement% 16 Wizard Run 0 Options --------- ASCII 0 Keyboard 0 Movement Mouse Keybinds 0 Fullscreen 1 Font 36/Terminus Map View 76x50 Tactical HUD 1 Map Filters NONE Filters NONE Steam 1 RUN: 02bb12c4-5a9b-4d55-93dc-10a5adb62a90